[Event "Top 12 FRA-chT 2017"]
[Site "Chartres"]
[Date "2017.05.25"]
[Round "8"]
[White "Rodon, Gurvan"]
[Black "Pile, Richard"]
[Result "0-1"]
[ECO "E12"]
[WhiteElo "2047"]
[BlackElo "2391"]
[Annotator "NA"]
[PlyCount "134"]
[EventDate "2017.??.??"]
[EventType "team-tourn"]
[EventCountry "FRA"]
[SourceTitle "playchess.com"]
[Source "ChessBase"]
[SourceQuality "1"]
[WhiteTeam "Lisieux"]
[BlackTeam "Grasse Echecs"]
[TimeControl "40/5400+30:1800+30"]

1. d4 Nf6 2. c4 e6 3. Nf3 b6 4. a3 Bb7 5. Nc3 d5 6. cxd5 exd5 7. g3 Be7 8. Bh3 O-O 9. O-O c5 10. Ne5 Nc6 11. Nxc6 Bxc6 12. Be3 h6 13. Rc1 c4 14. Qd2 Re8 15. f3 b5 16. Bf5 a5 17. Bb1 b4 18. axb4 axb4 19. Nd1 Bb5 20. Rf2 Nh7 21. g4 Ra6 22. Rg2 Re6 23. Bf5 Rxe3 24. Nxe3 Bg5 25. Bxh7+ Kh8 26. Be4 dxe4 27. f4 Bxf4 28. Rf1 Qg5 29. Rxf4 Qxf4 30. Rf2 Qc7 31. Qxb4 Rb8 32. Nf5 Ba6 33. Qd2 Qb6 34. e3 Bc8 35. Ng3 Bxg4 36. Nxe4 Qg6 37. Ng3 Rb3 38. Qc2 Rxe3 39. Qxg6 fxg6 40. Rd2 Kg8 41. Kf2 Rf3+ 42. Kg2 Rb3 43. h3 Bf3+ 44. Kf2 Bd5 45. Nf1 Rxh3 46. Ne3 Rh2+ 47. Ke1 Rxd2 48. Kxd2 Bf7 49. d5 h5 50. Kc3 h4 51. Kxc4 h3 52. Ng4 Kf8 53. Kc5 Ke7 54. Kc6 Kd8 55. b4 Be8+ 56. Kc5 Bd7 57. Nf2 h2 58. b5 Kc7 59. d6+ Kb7 60. Nh1 Bh3 61. Nf2 Kc8 62. b6 Bg2 63. Kb5 Kd7 64. Ka6 h1=Q 65. Nxh1 Bxh1 66. b7 Bxb7+ 67. Kxb7 Kxd6 0-1

[Event "Top 12 FRA-chT 2017"]
[Site "Chartres"]
[Date "2017.05.26"]
[Round "9"]
[White "Shirazi, Kamran"]
[Black "Heinz, Timothee"]
[Result "1/2-1/2"]
[ECO "D00"]
[WhiteElo "2367"]
[BlackElo "2353"]
[Annotator "NA"]
[PlyCount "112"]
[EventDate "2017.??.??"]
[EventType "team-tourn"]
[EventCountry "FRA"]
[SourceTitle "playchess.com"]
[Source "ChessBase"]
[SourceQuality "1"]
[WhiteTeam "Tremblay En France"]
[BlackTeam "Strasbourg"]
[TimeControl "40/5400+30:1800+30"]

1. d4 d5 2. Bg5 Nf6 3. Bxf6 exf6 4. e3 c6 5. c4 dxc4 6. Bxc4 Bd6 7. Nc3 f5 8. Nf3 Nd7 9. a3 Qe7 10. O-O O-O 11. Qc2 Nf6 12. Bd3 g6 13. Rfe1 Be6 14. e4 fxe4 15. Nxe4 Nxe4 16. Rxe4 Qf6 17. Ne5 Rfe8 18. Rae1 Re7 19. g3 Bf5 20. R4e3 Bxd3 21. Qxd3 Qg7 22. Nc4 Rxe3 23. Rxe3 Bf8 24. Ne5 Bd6 25. Nc4 Qf6 26. Qb3 b5 27. Rf3 bxc4 28. Rxf6 cxb3 29. Rxd6 Rc8 30. Kf1 Kf8 31. Rd7 c5 32. dxc5 Rxc5 33. Rb7 a5 34. Rxb3 g5 35. Rc3 Rb5 36. b4 Ke7 37. Rc4 axb4 38. axb4 Ke6 39. h4 h6 40. Rc6+ Ke7 41. Rc4 Re5 42. Rc7+ Ke8 43. hxg5 hxg5 44. Rc5 Re4 45. b5 g4 46. Rf5 Rb4 47. Ke2 Ke7 48. Kd3 Ke6 49. Kc3 Rb1 50. Rc5 f5 51. Kc4 Rb2 52. Rc6+ Kd7 53. Rf6 Rxf2 54. b6 Kc8 55. Kd5 Rf3 56. Kc5 Kd7 1/2-1/2

[Event "Top 12 FRA-chT 2017"]
[Site "Chartres"]
[Date "2017.05.26"]
[Round "9"]
[White "Roos, Louis"]
[Black "Aflalo, Sophie"]
[Result "1/2-1/2"]
[ECO "A05"]
[WhiteElo "2346"]
[BlackElo "2135"]
[Annotator "NA"]
[PlyCount "105"]
[EventDate "2017.??.??"]
[EventType "team-tourn"]
[EventCountry "FRA"]
[SourceTitle "playchess.com"]
[Source "ChessBase"]
[SourceQuality "1"]
[WhiteTeam "Strasbourg"]
[BlackTeam "Tremblay-En-France"]
[TimeControl "40/5400+30:1800+30"]

1. Nf3 Nf6 2. d4 c5 3. dxc5 Na6 4. Nc3 Qa5 5. Bd2 Qc7 6. e4 Nxc5 7. e5 Nfe4 8. Nd5 Qd8 9. b4 Nxd2 10. Qxd2 Ne4 11. Qd4 e6 12. Qxe4 exd5 13. Qd4 Be7 14. Bd3 O-O 15. O-O d6 16. Qxd5 dxe5 17. Qxe5 g6 18. Rad1 Bf6 19. Qf4 Qb6 20. c4 Bc3 21. a3 a5 22. c5 Qc6 23. Qc4 axb4 24. axb4 Qf6 25. Be4 Ra4 26. Rb1 Ra7 27. b5 Be6 28. Bd5 Ra4 29. Qxa4 Bxd5 30. Qg4 h5 31. Qg5 Qxg5 32. Nxg5 Rc8 33. c6 bxc6 34. b6 Rb8 35. Rfd1 Bf6 36. Nf3 Ba2 37. b7 Bxb1 38. Rxb1 Kf8 39. Nd2 Ke7 40. Nc4 Kd7 41. Na5 Bc3 42. Nxc6 Kxc6 43. Rc1 Rxb7 44. Rxc3+ Kd5 45. h4 Ke5 46. Rc6 Rb1+ 47. Kh2 Rb2 48. Kg3 Rb3+ 49. f3 Rb2 50. f4+ Ke4 51. Rf6 Rb3+ 52. Kh2 Rb7 53. Kg3 1/2-1/2

[Event "Top 12 FRA-chT 2017"]
[Site "Chartres"]
[Date "2017.05.26"]
[Round "9"]
[White "Maisuradze, Nino"]
[Black "De Seroux, Camille"]
[Result "1-0"]
[ECO "A46"]
[WhiteElo "2260"]
[BlackElo "2117"]
[Annotator "NA"]
[PlyCount "57"]
[EventDate "2017.??.??"]
[EventType "team-tourn"]
[EventCountry "FRA"]
[SourceTitle "playchess.com"]
[Source "ChessBase"]
[SourceQuality "1"]
[WhiteTeam "Bischwiller"]
[BlackTeam "Grasse Echecs"]
[TimeControl "40/5400+30:1800+30"]

1. d4 Nf6 2. Nf3 e6 3. Bf4 c5 4. e3 d5 5. Nbd2 Nc6 6. c3 Bd6 7. Bg3 O-O 8. Bd3 b6 9. Ne5 Bb7 10. f4 Ne7 11. Qb1 cxd4 12. exd4 Ng6 13. O-O Nh5 14. Ndf3 Qc8 15. f5 Nxe5 16. Bxe5 Bxe5 17. Nxe5 Nf6 18. fxe6 Qxe6 19. Bf5 Qd6 20. Qd3 Ne4 21. Qh3 g6 22. Nxf7 Rxf7 23. Be6 Ng5 24. Bxf7+ Nxf7 25. Rxf7 Kxf7 26. Qxh7+ Ke8 27. Re1+ Kd8 28. Qxb7 Rc8 29. Qf7 1-0

[Event "Top 12 FRA-chT 2017"]
[Site "Chartres"]
[Date "2017.05.26"]
[Round "9"]
[White "Congiu, Mathilde"]
[Black "Guerlin Dit De Guer, Clarisse"]
[Result "1-0"]
[ECO "A05"]
[WhiteElo "2248"]
[BlackElo "1278"]
[Annotator "NA"]
[PlyCount "45"]
[EventDate "2017.??.??"]
[EventType "team-tourn"]
[EventCountry "FRA"]
[SourceTitle "playchess.com"]
[Source "ChessBase"]
[SourceQuality "1"]
[WhiteTeam "Bois-Colombes"]
[BlackTeam "Montpellier"]
[TimeControl "40/5400+30:1800+30"]

1. e4 e6 2. d3 d5 3. Nd2 Nf6 4. Ngf3 Be7 5. g3 O-O 6. Bg2 b6 7. O-O Bb7 8. e5 Nfd7 9. Re1 c5 10. Nf1 Re8 11. h4 h6 12. N1h2 Nf8 13. h5 Nbd7 14. Bf4 f6 15. Ng4 Nh7 16. c3 Ng5 17. exf6 Nxf6 18. Nfe5 Nxh5 19. Nxh6+ gxh6 20. Qxh5 Bf6 21. Bxg5 Bxg5 22. Qf7+ Kh8 23. Ng6# 1-0

[Event "Top 12 FRA-chT 2017"]
[Site "Chartres"]
[Date "2017.05.26"]
[Round "9"]
[White "Haussernot, Cecile"]
[Black "Steil-Antoni, Fiona"]
[Result "1/2-1/2"]
[ECO "B07"]
[WhiteElo "2099"]
[BlackElo "2155"]
[Annotator "NA"]
[PlyCount "64"]
[EventDate "2017.??.??"]
[EventType "team-tourn"]
[EventCountry "FRA"]
[SourceTitle "playchess.com"]
[Source "ChessBase"]
[SourceQuality "1"]
[WhiteTeam "Mulhouse Philidor"]
[BlackTeam "Vandoeuvre"]
[TimeControl "40/5400+30:1800+30"]

1. e4 d6 2. d4 Nf6 3. Nc3 Nbd7 4. f4 e5 5. Nf3 exd4 6. Qxd4 c6 7. Be3 d5 8. exd5 Bc5 9. Qd3 Qe7 10. Nd4 Nb6 11. dxc6 bxc6 12. O-O-O Ba6 13. Qd2 Bxf1 14. Bf2 Nc4 15. Qe1 Bxd4 16. Qxe7+ Kxe7 17. Rxd4 c5 18. Rd1 Bxg2 19. Bxc5+ Ke6 20. Rhe1+ Kf5 21. Rd4 Rhe8 22. Rxe8 Rxe8 23. Rxc4 Re1+ 24. Kd2 Rh1 25. Bxa7 Rxh2 26. Rc5+ Kg4 27. Rg5+ Kf3 28. Bg1 Rh1 29. Bd4 Ng4 30. Rxg7 f5 31. Ne2 Bf1 32. Nc3 Rh2+ 1/2-1/2

[Event "Top 12 FRA-chT 2017"]
[Site "Chartres"]
[Date "2017.05.26"]
[Round "9"]
[White "Blanche, Paul"]
[Black "Bollengier, Andreea"]
[Result "0-1"]
[ECO "E46"]
[WhiteElo "2081"]
[BlackElo "2234"]
[Annotator "NA"]
[PlyCount "92"]
[EventDate "2017.??.??"]
[EventType "team-tourn"]
[EventCountry "FRA"]
[SourceTitle "playchess.com"]
[Source "ChessBase"]
[SourceQuality "1"]
[WhiteTeam "Lisieux"]
[BlackTeam "Nice Alekhine"]
[TimeControl "40/5400+30:1800+30"]

1. d4 Nf6 2. c4 e6 3. Nc3 Bb4 4. e3 O-O 5. Nge2 d5 6. a3 Be7 7. Ng3 c5 8. dxc5 dxc4 9. Qxd8 Rxd8 10. Bxc4 Bxc5 11. b4 Be7 12. Bb2 a6 13. O-O b5 14. Be2 Bb7 15. Rfd1 Nbd7 16. Rd2 Nb6 17. Rad1 Rxd2 18. Rxd2 Rc8 19. f3 Kf8 20. Kf2 g6 21. e4 Nc4 22. Bxc4 bxc4 23. Nf1 Ke8 24. Ne3 Nd7 25. Rc2 a5 26. Ncd1 Ba6 27. Bc3 f5 28. exf5 gxf5 29. Nb2 f4 30. Ng4 h5 31. Ne5 Nxe5 32. Bxe5 axb4 33. axb4 Bxb4 34. Bxf4 c3 35. Na4 Bd3 36. Rc1 c2 37. Ke3 Bb5 38. Nb2 Ba3 39. Be5 Rc5 40. Bd4 Rc8 41. f4 Ke7 42. g3 Be8 43. Be5 Bg6 44. Kd2 Rc5 45. Ra1 Rxe5 46. Rxa3 Re2+ 0-1

[Event "Top 12 FRA-chT 2017"]
[Site "Chartres"]
[Date "2017.05.26"]
[Round "9"]
[White "Caron, Damien"]
[Black "Dionisi, Thomas"]
[Result "0-1"]
[ECO "A80"]
[WhiteElo "2024"]
[BlackElo "2392"]
[Annotator "NA"]
[PlyCount "96"]
[EventDate "2017.??.??"]
[EventType "team-tourn"]
[EventCountry "FRA"]
[SourceTitle "playchess.com"]
[Source "ChessBase"]
[SourceQuality "1"]
[WhiteTeam "Montpellier"]
[BlackTeam "Bois-Colombes"]
[TimeControl "40/5400+30:1800+30"]

1. d4 f5 2. Nc3 Nf6 3. Bg5 d5 4. f3 c5 5. e3 Nc6 6. Bb5 e6 7. a3 Be7 8. Qd2 O-O 9. Nge2 Qb6 10. Bxc6 Qxc6 11. O-O b6 12. Qd3 Bb7 13. Rfb1 a5 14. a4 Ba6 15. Qd1 Rad8 16. Qe1 Bd6 17. Nf4 h6 18. Bxf6 Rxf6 19. Nh5 Rf7 20. f4 g6 21. Ng3 cxd4 22. exd4 Bxf4 23. Nge2 Bc7 24. Qd2 g5 25. Qe3 Re8 26. Qf3 Bb7 27. Nb5 Bb8 28. Qc3 Qd7 29. Qh3 Kg7 30. Ra3 Bc6 31. Rb3 Rfe7 32. Rf1 Rc8 33. c3 Rf8 34. Ng3 Qe8 35. Ne2 Qg6 36. Nc1 f4 37. Qd3 Qh5 38. Qh3 Qxh3 39. gxh3 Bd7 40. Nd3 e5 41. dxe5 Bxh3 42. Rd1 Bxe5 43. Nxe5 Rxe5 44. Nd4 Bg4 45. Rc1 f3 46. Kf2 Re2+ 47. Nxe2 fxe2+ 48. Kg2 Rf1 0-1

[Event "Top 12 FRA-chT 2017"]
[Site "Chartres"]
[Date "2017.05.27"]
[Round "10"]
[White "Dionisi, Thomas"]
[Black "Shirazi, Kamran"]
[Result "1-0"]
[ECO "B28"]
[WhiteElo "2392"]
[BlackElo "2367"]
[Annotator "NA"]
[PlyCount "113"]
[EventDate "2017.??.??"]
[EventType "team-tourn"]
[EventCountry "FRA"]
[SourceTitle "playchess.com"]
[Source "ChessBase"]
[SourceQuality "1"]
[WhiteTeam "Bois-Colombes"]
[BlackTeam "Tremblay-En-France"]
[TimeControl "40/5400+30:1800+30"]

1. e4 c5 2. Nf3 a6 3. c3 e6 4. d4 d5 5. e5 Bd7 6. Be3 cxd4 7. cxd4 f6 8. Nc3 Nc6 9. Bd3 Nh6 10. O-O Nf7 11. Re1 Be7 12. Bf4 fxe5 13. Nxe5 Ncxe5 14. dxe5 g5 15. Be3 Bc6 16. Bd4 h5 17. Bg6 g4 18. f4 Rh6 19. Qd3 Qd7 20. f5 Rxg6 21. fxg6 Ng5 22. Rf1 O-O-O 23. g7 Rg8 24. Qg6 Qe8 25. Qh6 Kd7 26. Rf4 Nf7 27. Qxh5 Rxg7 28. Rxg4 Rxg4 29. Qxg4 Nh6 30. Qf4 Qg6 31. Ne2 Bg5 32. Qf2 Bb5 33. Ng3 Qd3 34. Bb6 Ke8 35. Rf1 Nf5 36. Nxf5 exf5 37. Qxf5 Qxf1+ 38. Qxf1 Bxf1 39. Kxf1 Bf4 40. h3 Bxe5 41. b3 Kd7 42. Ke2 Ke6 43. Ke3 Kf5 44. Bd4 Bd6 45. Kf3 Kg5 46. g3 b5 47. h4+ Kh5 48. g4+ Kg6 49. Be3 Be5 50. Bf4 Bc3 51. Ke2 Kf6 52. h5 Ke6 53. Kd3 Ba5 54. Be3 Bd8 55. g5 Kf7 56. Bd2 Ke6 57. g6 1-0

[Event "Top 12 FRA-chT 2017"]
[Site "Chartres"]
[Date "2017.05.27"]
[Round "10"]
[White "Burri, Quentin"]
[Black "Blanche, Paul"]
[Result "1-0"]
[ECO "B30"]
[WhiteElo "2378"]
[BlackElo "2081"]
[Annotator "NA"]
[PlyCount "77"]
[EventDate "2017.??.??"]
[EventType "team-tourn"]
[EventCountry "FRA"]
[SourceTitle "playchess.com"]
[Source "ChessBase"]
[SourceQuality "1"]
[WhiteTeam "Mulhouse Philidor"]
[BlackTeam "Lisieux"]
[TimeControl "40/5400+30:1800+30"]

1. e4 c5 2. Nf3 Nc6 3. Bb5 e6 4. O-O Nge7 5. Re1 a6 6. Bf1 g6 7. d3 Bg7 8. c3 d6 9. Nbd2 O-O 10. Nb3 e5 11. Be3 f5 12. Qc2 b6 13. Rad1 d5 14. exd5 Nxd5 15. Bc1 Bb7 16. a3 Rc8 17. Qb1 Kh8 18. Bd2 Re8 19. Ng5 Qd7 20. f3 h6 21. Nh3 Rcd8 22. Nf2 Qf7 23. Qc2 Rd7 24. Bc1 Red8 25. a4 a5 26. Nd2 Ba6 27. Nc4 Bxc4 28. dxc4 Nc7 29. Qb3 Rxd1 30. Rxd1 Rxd1 31. Nxd1 Na8 32. Ne3 e4 33. f4 Qb7 34. Nd5 Ne7 35. Be3 Nxd5 36. cxd5 Qc7 37. Qb5 Kh7 38. Qe8 Qb7 39. Bc4 1-0

[Event "Top 12 FRA-chT 2017"]
[Site "Chartres"]
[Date "2017.05.27"]
[Round "10"]
[White "Bollengier, Andreea"]
[Black "Maisuradze, Nino"]
[Result "1-0"]
[ECO "B22"]
[WhiteElo "2234"]
[BlackElo "2260"]
[Annotator "NA"]
[PlyCount "64"]
[EventDate "2017.??.??"]
[EventType "team-tourn"]
[EventCountry "FRA"]
[SourceTitle "playchess.com"]
[Source "ChessBase"]
[SourceQuality "1"]
[WhiteTeam "Nice Alekhine"]
[BlackTeam "Bischwiller"]
[TimeControl "40/5400+30:1800+30"]

1. e4 c5 2. c3 d5 3. exd5 Qxd5 4. d4 Nf6 5. Nf3 Bg4 6. dxc5 Qxc5 7. Na3 a6 8. Be3 Qc8 9. h3 Bh5 10. Nc4 Nbd7 11. g4 Bg6 12. g5 Ne4 13. Nh4 e6 14. Nxg6 hxg6 15. Qd4 Rh4 16. O-O-O Rb8 17. Ne5 Nxe5 18. Qxe5 b5 19. Bf4 Rxf4 20. Qxf4 Nc5 21. Bg2 Be7 22. Kb1 Rb6 23. h4 f6 24. h5 e5 25. Qf3 fxg5 26. hxg6 Rf6 27. Rh8+ Bf8 28. Qd5 Qc7 29. Re1 e4 30. Bxe4 Re6 31. f3 Nxe4 32. Rxe4 Rxe4 1-0

[Event "Top 12 FRA-chT 2017"]
[Site "Chartres"]
[Date "2017.05.27"]
[Round "10"]
[White "Marie, Maxime"]
[Black "Haussernot, Cecile"]
[Result "1-0"]
[ECO "A30"]
[WhiteElo "2177"]
[BlackElo "2099"]
[Annotator "NA"]
[PlyCount "67"]
[EventDate "2017.??.??"]
[EventType "team-tourn"]
[EventCountry "FRA"]
[SourceTitle "playchess.com"]
[Source "ChessBase"]
[SourceQuality "1"]
[WhiteTeam "Lisieux"]
[BlackTeam "Mulhouse Philidor"]
[TimeControl "40/5400+30:1800+30"]

1. c4 c5 2. g3 Nc6 3. Bg2 g6 4. e3 Bg7 5. Ne2 e6 6. Nbc3 Nge7 7. Ne4 d6 8. h4 h5 9. a3 O-O 10. Rb1 Ne5 11. d3 d5 12. Nxc5 b6 13. Na4 Ba6 14. b3 dxc4 15. dxc4 Nd3+ 16. Kf1 Nc5 17. Nb2 Qxd1+ 18. Nxd1 Rad8 19. Ke1 Rd3 20. b4 Rfd8 21. Nb2 Bxb2 22. Bxb2 Na4 23. Bf6 Bxc4 24. Bxe7 Rd2 25. Bf3 R8d7 26. Bf6 Ra2 27. Rd1 Rxd1+ 28. Kxd1 Bb3+ 29. Kc1 Bc4 30. Rd1 Bd5 31. e4 Rxa3 32. exd5 Rxf3 33. d6 Rxf6 34. d7 1-0

[Event "Top 12 FRA-chT 2017"]
[Site "Chartres"]
[Date "2017.05.27"]
[Round "10"]
[White "Leconte, Maria"]
[Black "Steil-Antoni, Fiona"]
[Result "1/2-1/2"]
[ECO "B15"]
[WhiteElo "2174"]
[BlackElo "2155"]
[Annotator "NA"]
[PlyCount "61"]
[EventDate "2017.??.??"]
[EventType "team-tourn"]
[EventCountry "FRA"]
[SourceTitle "playchess.com"]
[Source "ChessBase"]
[SourceQuality "1"]
[WhiteTeam "Saint Quentin"]
[BlackTeam "Vandoeuvre"]
[TimeControl "40/5400+30:1800+30"]

1. e4 c6 2. d4 d5 3. Nc3 dxe4 4. Nxe4 Nf6 5. Nxf6+ exf6 6. Bc4 Bd6 7. Ne2 Qc7 8. Ng3 O-O 9. O-O Rd8 10. Re1 Nd7 11. Bb3 Nf8 12. c4 Ng6 13. Be3 f5 14. Bg5 Rf8 15. c5 Bf4 16. Bxf4 Qxf4 17. d5 Bd7 18. d6 Rae8 19. Re2 Qg5 20. Rxe8 Rxe8 21. Qh5 Qxh5 22. Nxh5 Re5 23. f4 Rxc5 24. Re1 a5 25. Kf2 b5 26. Ke3 b4 27. Kd4 Rb5 28. Bc4 Rb8 29. Kc5 h6 30. Re3 Kf8 31. b3 1/2-1/2

[Event "Top 12 FRA-chT 2017"]
[Site "Chartres"]
[Date "2017.05.27"]
[Round "10"]
[White "Aflalo, Sophie"]
[Black "Congiu, Mathilde"]
[Result "1-0"]
[ECO "B32"]
[WhiteElo "2135"]
[BlackElo "2248"]
[Annotator "NA"]
[PlyCount "81"]
[EventDate "2017.??.??"]
[EventType "team-tourn"]
[EventCountry "FRA"]
[SourceTitle "playchess.com"]
[Source "ChessBase"]
[SourceQuality "1"]
[WhiteTeam "Tremblay-En-France"]
[BlackTeam "Bois-Colombes"]
[TimeControl "40/5400+30:1800+30"]

1. e4 c5 2. Nf3 Nc6 3. d4 cxd4 4. Nxd4 e5 5. Nb5 d6 6. N1c3 a6 7. Na3 Be7 8. Be3 b5 9. Nd5 Rb8 10. c4 b4 11. Nc2 Nf6 12. Qd3 O-O 13. Be2 Nxd5 14. cxd5 Na5 15. O-O f5 16. f3 b3 17. axb3 Rxb3 18. Qd2 Rxe3 19. Qxe3 Bg5 20. Qc3 Qb6+ 21. Kh1 Nb3 22. Rad1 a5 23. Na3 Nd4 24. Bd3 Qd8 25. f4 Bf6 26. fxe5 Bxe5 27. Nc4 Bf6 28. Qxa5 Qe8 29. Nxd6 Qh5 30. Nc4 fxe4 31. Bxe4 Re8 32. Qc7 Ba6 33. Bf3 Nxf3 34. gxf3 Rc8 35. Qd7 Rxc4 36. Qe6+ Kf8 37. Qxa6 Be5 38. Rd2 Rc1 39. Qa3+ Kf7 40. Rxc1 Bf4 41. Qa7+ 1-0

[Event "Top 12 FRA-chT 2017"]
[Site "Chartres"]
[Date "2017.05.27"]
[Round "10"]
[White "De Seroux, Camille"]
[Black "Roos, Louis"]
[Result "0-1"]
[ECO "B24"]
[WhiteElo "2117"]
[BlackElo "2346"]
[Annotator "NA"]
[PlyCount "68"]
[EventDate "2017.??.??"]
[EventType "team-tourn"]
[EventCountry "FRA"]
[SourceTitle "playchess.com"]
[Source "ChessBase"]
[SourceQuality "1"]
[WhiteTeam "Grasse Echecs"]
[BlackTeam "Strasbourg"]
[TimeControl "40/5400+30:1800+30"]

1. e4 c5 2. Nc3 Nc6 3. Bb5 Nd4 4. Bc4 a6 5. d3 d6 6. Nge2 Nc6 7. a4 e6 8. O-O Nf6 9. f4 d5 10. Ba2 Be7 11. Ng3 dxe4 12. Ncxe4 h5 13. Nxf6+ Bxf6 14. c3 h4 15. Nh5 b6 16. f5 e5 17. Qg4 Kf8 18. Rf3 e4 19. Qxe4 Rxh5 20. Qxc6 Ra7 21. a5 Re7 22. Qxb6 Re1+ 23. Kf2 Qe8 24. Qxc5+ Kg8 25. Re3 Rxe3 26. Qxe3 Rxf5+ 27. Kg1 Re5 28. Qf3 Bb7 29. Qg4 Re2 30. Qh5 Rxg2+ 31. Kf1 g6 32. Qd1 Rxh2 33. Be3 Qxe3 34. Bxf7+ Kg7 0-1

[Event "Top 12 FRA-chT 2017"]
[Site "Chartres"]
[Date "2017.05.27"]
[Round "10"]
[White "Guerlin Dit De Guer, Clarisse"]
[Black "Guichard, Pauline"]
[Result "0-1"]
[ECO "B06"]
[WhiteElo "1278"]
[BlackElo "2312"]
[Annotator "NA"]
[PlyCount "36"]
[EventDate "2017.??.??"]
[EventType "team-tourn"]
[EventCountry "FRA"]
[SourceTitle "playchess.com"]
[Source "ChessBase"]
[SourceQuality "1"]
[WhiteTeam "Montpellier"]
[BlackTeam "Clichy"]
[TimeControl "40/5400+30:1800+30"]

1. e4 g6 2. d4 Bg7 3. Nf3 d6 4. h3 c5 5. c3 b6 6. Bc4 e6 7. Bb3 Nf6 8. Bg5 Qc7 9. Qe2 O-O 10. O-O Ba6 11. c4 d5 12. e5 Nfd7 13. Rd1 cxd4 14. Rxd4 Nc6 15. Rd2 Ncxe5 16. Bf4 dxc4 17. Bc2 c3 18. Qxa6 cxb2 0-1

[Event "Top 12 FRA-chT 2017"]
[Site "Chartres"]
[Date "2017.05.28"]
[Round "11"]
[White "Roos, Louis"]
[Black "Bollengier, Andreea"]
[Result "0-1"]
[ECO "A12"]
[WhiteElo "2346"]
[BlackElo "2234"]
[Annotator "NA"]
[PlyCount "62"]
[EventDate "2017.??.??"]
[EventType "team-tourn"]
[EventCountry "FRA"]
[SourceTitle "playchess.com"]
[Source "ChessBase"]
[SourceQuality "1"]
[WhiteTeam "Strasbourg"]
[BlackTeam "Nice Alekhine"]
[TimeControl "40/5400+30:1800+30"]

1. c4 c6 2. Nf3 Nf6 3. b3 d5 4. e3 Bf5 5. Bb2 e6 6. h3 Nbd7 7. a3 h6 8. Nc3 Bd6 9. Be2 O-O 10. g4 Be4 11. d3 Bxf3 12. Bxf3 dxc4 13. dxc4 Bc7 14. Qc2 Ne5 15. Be2 Nh7 16. h4 f5 17. f4 Nxg4 18. Bxg4 fxg4 19. Ne4 e5 20. Ng5 hxg5 21. hxg5 Nxg5 22. fxg5 e4 23. Bd4 Bg3+ 24. Kd1 Qe7 25. Qg2 Rf3 26. g6 c5 27. Bc3 Qd6+ 28. Kc1 Qxg6 29. Qd2 Qf7 30. Qd1 Rf8 31. Qd5 Qxd5 0-1

[Event "Top 12 FRA-chT 2017"]
[Site "Chartres"]
[Date "2017.05.28"]
[Round "11"]
[White "Guichard, Pauline"]
[Black "Aflalo, Sophie"]
[Result "1-0"]
[ECO "A45"]
[WhiteElo "2312"]
[BlackElo "2135"]
[Annotator "NA"]
[PlyCount "91"]
[EventDate "2017.??.??"]
[EventType "team-tourn"]
[EventCountry "FRA"]
[SourceTitle "playchess.com"]
[Source "ChessBase"]
[SourceQuality "1"]
[WhiteTeam "Clichy"]
[BlackTeam "Tremblay-En-France"]
[TimeControl "40/5400+30:1800+30"]

1. d4 Nf6 2. g3 c5 3. d5 g6 4. Nc3 d6 5. Bg2 Bg7 6. e4 O-O 7. Nge2 Nbd7 8. O-O a6 9. a4 b6 10. Bf4 Rb8 11. Qd2 Re8 12. Rab1 Nh5 13. Bh6 Bh8 14. g4 Nhf6 15. h3 Qc7 16. Ng3 Ne5 17. b3 Qd7 18. g5 Nh5 19. Nxh5 Qxh3 20. Nf6+ exf6 21. f4 Qh5 22. fxe5 f5 23. Bf3 Qh4 24. Qf2 Qh3 25. Qg2 Qh4 26. Ne2 Bxe5 27. Qh1 Qxh1+ 28. Kxh1 fxe4 29. Bxe4 Bg4 30. Bd3 Bh8 31. Rf2 b5 32. axb5 axb5 33. Rg1 Bc8 34. Kg2 Ba6 35. Rf4 Re7 36. Ng3 Be5 37. Re4 Bb7 38. c4 b4 39. Ra1 Bc8 40. Ra5 Rc7 41. Re2 Bg4 42. Rea2 Bxg3 43. Kxg3 Bd7 44. Ra8 Rcc8 45. Rxb8 Rxb8 46. Ra6 1-0

[Event "Top 12 FRA-chT 2017"]
[Site "Chartres"]
[Date "2017.05.28"]
[Round "11"]
[White "Le Corre, Benjamin"]
[Black "Grollemund, Bertrand"]
[Result "1-0"]
[ECO "B06"]
[WhiteElo "2261"]
[BlackElo "2182"]
[Annotator "NA"]
[PlyCount "101"]
[EventDate "2017.??.??"]
[EventType "team-tourn"]
[EventCountry "FRA"]
[SourceTitle "playchess.com"]
[Source "ChessBase"]
[SourceQuality "1"]
[WhiteTeam "Vandoeuvre"]
[BlackTeam "Montpellier"]
[TimeControl "40/5400+30:1800+30"]

1. e4 g6 2. d4 Bg7 3. Nf3 d6 4. Bd3 Nc6 5. c3 Nf6 6. O-O O-O 7. Re1 e5 8. Nbd2 Nh5 9. dxe5 Nf4 10. Bf1 dxe5 11. Nc4 Qxd1 12. Rxd1 Bg4 13. Be3 Bxf3 14. gxf3 Rfd8 15. b4 g5 16. Na5 Nxa5 17. bxa5 Bf8 18. Rdb1 b6 19. Rb5 Bd6 20. Rab1 h6 21. R5b2 Ne6 22. Bc4 Bc5 23. Bxe6 Bxe3 24. Bd5 c6 25. Bxc6 Rac8 26. Bd5 Bc5 27. a6 Bd6 28. Rb3 Kf8 29. c4 Rc5 30. Rb5 Rdc8 31. a4 Rxb5 32. axb5 Bc5 33. Rd1 Bd4 34. Bc6 Rd8 35. c5 Ke7 36. Rc1 Rb8 37. Bb7 Kd8 38. cxb6 Bxb6 39. Rc6 Bd4 40. b6 Kd7 41. Rc7+ Kd6 42. Rc6+ Kd7 43. Rxh6 Rg8 44. Bd5 Rg6 45. b7 Rg8 46. Rf6 Rb8 47. Rxf7+ Kd6 48. Rf6+ Kc7 49. Rc6+ Kd7 50. Rc8 Rxc8 51. Be6+ 1-0

[Event "Top 12 FRA-chT 2017"]
[Site "Chartres"]
[Date "2017.05.28"]
[Round "11"]
[White "Maisuradze, Nino"]
[Black "Rodon, Gurvan"]
[Result "1-0"]
[ECO "A46"]
[WhiteElo "2260"]
[BlackElo "2047"]
[Annotator "NA"]
[PlyCount "55"]
[EventDate "2017.??.??"]
[EventType "team-tourn"]
[EventCountry "FRA"]
[SourceTitle "playchess.com"]
[Source "ChessBase"]
[SourceQuality "1"]
[WhiteTeam "Bischwiller"]
[BlackTeam "Lisieux"]
[TimeControl "40/5400+30:1800+30"]

1. d4 Nf6 2. Nf3 e6 3. Bf4 d5 4. e3 Bd6 5. Bg3 O-O 6. Nbd2 c5 7. c3 Nc6 8. Bd3 Qe7 9. Ne5 Nd7 10. f4 f6 11. Nxd7 Bxd7 12. Qf3 Be8 13. O-O Bf7 14. Rae1 e5 15. dxe5 fxe5 16. e4 d4 17. f5 dxc3 18. bxc3 Bxa2 19. Nc4 Bxc4 20. Bxc4+ Kh8 21. Qg4 Qc7 22. Rf3 Be7 23. Qh5 h6 24. Bf2 b6 25. g4 Qd6 26. Be3 Rfd8 27. f6 Bf8 28. Qf7 1-0